AoeStats
← Gorlami

MegaRandom

509205183Analyzed
4v4 RM · 5d ago on Sep 25, 2026· 34m 27s· 8 players
Game mode
Random Map
Map size
Large (8 player)
Population
200
Speed
Normal
Resources
Standard
Victory
Conquest
Starting age
Dark Age
Ending age
Imperial Age
RankedLock teamsTeams togetherTeam positionsShared explorationLock speedFull tech treeHidden civsTurbo modeCheats
Victory
Defeat
🇦🇷 Chinese · Argentina
1757
+18
🇦🇷 Varangians · Argentina
1732
+19
🇦🇷 Persians · Argentina
1699
+20
🇦🇷 Teutons · Argentina
1680
+22
🇧🇪 Georgians · Belgium
1885
-22
🇫🇷 Lithuanians · France
1821
-21
🇩🇰 Wei · Denmark
1801
-20
🇨🇱 Japanese · Chile
1698
-16
B.R Matias
0:40 Loom
9:45 Feudal Age
10:48 Double-Bit Axe
10:44 Horse Collar
18:23 Scale Barding Armor
20:23 Castle Age
20:39 Bloodlines
21:29 Chain Barding Armor
33:49 Heavy Plow
Gorlami
0:29 Loom
0:47 Loom
9:50 Feudal Age
10:53 Double-Bit Axe
14:19 Fletching
22:50 Castle Age
21:30 Padded Archer Armor
21:25 Gold Mining
22:16 Horse Collar
23:27 Bodkin Arrow
22:53 Crossbowman
25:30 Ballistics
27:38 Thumb Ring
30:05 Bow Saw
33:34 Wheelbarrow
36:03 Imperial Age
34:10 Wheelbarrow
34:54 Leather Archer Armor
34:42 Heavy Plow
34:34 Stone Mining
Lic. VELEZ Y VINO
0:37 Loom
9:28 Feudal Age
10:54 Double-Bit Axe
13:36 Horse Collar
14:41 Forging
16:41 Bloodlines
18:38 Wheelbarrow
23:01 Castle Age
22:13 Scale Barding Armor
24:17 Husbandry
24:38 Chain Barding Armor
25:24 Fishing Lines
28:36 Heavy Plow
31:34 Hand Cart
31:48 Gillnets
Buchi
0:37 Loom
11:03 Feudal Age
13:01 Double-Bit Axe
14:21 Horse Collar
15:10 Bloodlines
15:22 Forging
20:38 Fletching
25:04 Castle Age
23:49 Scale Barding Armor
23:55 Gold Mining
26:05 Chain Barding Armor
26:00 Bow Saw
=)Svanhilde
9:40 Feudal Age
8:15 Loom
11:07 Double-Bit Axe
13:54 Wheelbarrow
15:57 Fletching
18:03 Padded Archer Armor
22:44 Castle Age
21:04 Gold Mining
22:47 Crossbowman
23:22 Bodkin Arrow
23:28 Bodkin Arrow
25:59 Ballistics
30:31 Bow Saw
30:01 Horse Collar
Chaos
8:57 Loom
10:57 Feudal Age
15:16 Castle Age
15:17 Scale Barding Armor
15:40 Double-Bit Axe
24:03 Husbandry
27:15 Forging
29:03 Bloodlines
CristinaLover
0:31 Loom
10:00 Feudal Age
10:48 Double-Bit Axe
11:16 Horse Collar
16:40 Scale Barding Armor
17:43 Bloodlines
22:51 Wheelbarrow
26:34 Castle Age
25:13 Forging
27:38 Bow Saw
28:32 Husbandry
31:50 Heavy Plow
HR Fast_PIG
0:34 Loom
11:02 Feudal Age
15:18 Fletching
24:47 Castle Age
23:11 Padded Archer Armor
22:58 Double-Bit Axe
23:04 Gold Mining
25:25 Bodkin Arrow
24:50 Crossbowman
27:57 Leather Archer Armor
29:25 Bow Saw
Connection lost

Rejoining the realm…

Still unreachable

The connection could not be restored.

Session expired

The server has moved on; the page needs a fresh start.